AoeStats
← zamithdaniel

Black Forest

507001360Analyzed
2v2 RM · 17d ago on Sep 16, 2026· 46m 44s· 4 players
Game mode
Random Map
Map size
Medium (4 player)
Population
200
Speed
Normal
Resources
Standard
Victory
Conquest
Starting age
Dark Age
Ending age
Imperial Age
RankedLock teamsTeams togetherTeam positionsShared explorationLock speedFull tech treeHidden civsTurbo modeCheats
Victory
Defeat
🇳🇮 Wei · Nicaragua
957
+15
🇬🇹 Burgundians · Guatemala
957
+15
🇺🇸 Britons · United States
959
-15
🇨🇴 Turks · Colombia
932
-15
Soup
2:29 Loom
18:21 Feudal Age
19:11 Horse Collar
19:17 Double-Bit Axe
22:57 Castle Age
24:47 Bow Saw
24:40 Heavy Plow
24:46 Stone Mining
24:49 Gold Mining
30:10 Wheelbarrow
29:21 Town Watch
31:40 Hand Cart
34:10 Town Patrol
34:03 Fletching
34:14 Padded Archer Armor
38:02 Imperial Age
36:55 Gold Shaft Mining
36:19 Bodkin Arrow
36:39 Leather Archer Armor
36:49 Ballistics
37:25 Fortified Wall
38:09 Yeomen
39:09 Conscription
38:09 Elite Longbowman
38:50 Warwolf
39:57 Chemistry
39:05 Bracer
40:36 Two-Man Saw
40:40 Hoardings
43:40 Ring Archer Armor
zamithdaniel
11:39 Feudal Age
12:07 Horse Collar
12:14 Double-Bit Axe
12:39 Loom
18:17 Castle Age
27:03 Heavy Plow
30:07 Wheelbarrow
29:23 Town Watch
29:55 Gold Mining
33:07 Imperial Age
31:49 Hand Cart
33:20 Bow Saw
33:03 Gold Mining
33:06 Stone Mining
33:20 Padded Archer Armor
33:35 Forging
33:32 Scale Barding Armor
34:21 Bloodlines
34:12 Husbandry
34:18 Artillery
34:40 Conscription
35:14 Fortified Wall
37:31 Gold Shaft Mining
38:00 Leather Archer Armor
38:21 Iron Casting
39:00 Chain Barding Armor
maestro.skippy
2:19 Loom
15:39 Horse Collar
17:36 Fishing Lines
19:54 Feudal Age
19:32 Stone Mining
19:36 Gold Mining
20:34 Double-Bit Axe
20:52 Heavy Plow
23:11 Gillnets
23:47 Bow Saw
29:18 Castle Age
29:04 Wheelbarrow
35:22 Imperial Age
33:23 Caravan
33:34 Guilds
35:11 Gold Shaft Mining
35:29 Town Watch
36:23 Hand Cart
36:41 Forging
36:37 Scale Barding Armor
36:42 Burgundian Vineyards
38:17 Stone Shaft Mining
38:19 Crop Rotation
37:57 Town Patrol
38:40 Iron Casting
39:28 Chain Barding Armor
41:23 Blast Furnace
40:59 Plate Barding Armor
40:27 Husbandry
41:31 Conscription
41:47 Elite Coustillier
42:23 Treadmill Crane
43:04 Ballistics
43:44 Chemistry
43:28 Onager
DrJan
5:46 Loom
13:33 Feudal Age
13:57 Horse Collar
14:03 Double-Bit Axe
19:53 Castle Age
20:58 Bow Saw
20:50 Heavy Plow
28:27 Wheelbarrow
27:40 Town Watch
28:01 Stone Mining
28:02 Gold Mining
28:10 Gold Mining
30:30 Gold Shaft Mining
30:30 Stone Shaft Mining
34:05 Imperial Age
31:43 Scale Barding Armor
31:48 Forging
32:53 Chain Barding Armor
33:28 Bloodlines
33:18 Husbandry
33:31 Tuntian
34:41 Iron Casting
34:09 Onager
35:18 Ming Guang Armor
35:44 Conscription
36:04 Masonry
35:36 Treadmill Crane
35:41 Elite Tiger Cavalry
37:32 Blast Furnace
Connection lost

Rejoining the realm…

Still unreachable

The connection could not be restored.

Session expired

The server has moved on; the page needs a fresh start.